 Dungeon Crawl Stone Soup version 0.31-a0-848-gaac375c287 (webtiles) character file.

Game seed: 11761535243534762421

163 LeprechaunX the Changeling (level 5, 0/51 HPs)
             Began as an Octopode Shapeshifter on Oct 4, 2023.
             Succumbed to a kobold's poison
             ... on level 4 of the Dungeon.
             The game lasted 00:02:28 (2376 turns).

LeprechaunX the Changeling (Octopode Shapeshifter)  Turns: 2376, Time: 00:02:28

Health: 0/51       AC: 22    Str: 15    XL:     5   Next: 44%
Magic:  5/5        EV:  2    Int: 13    God:
Gold:   214        SH:  7    Dex: 11    Spells: 4/4 levels left

rFire   . .          .
                       - Unarmed
rCold   . . .        n - +0 kite shield
rNeg    . . .        (helmet currently unavailable)
rPois   +            (no amulet)
rElec   .            (no ring)
rCorr   .            (no ring)
SInv    .            (no ring)
Will    .....        (no ring)
Stlth   +            (no ring)
HPRegen 0.28/turn    (no ring)
MPRegen 0.09/turn    (no ring)
                     (no ring)

%: no passive effects
@: lethally poisoned (0 -> -3), tree-form
A: stationary, stasis, torment immunity, boosted hp, almost no armour,
(amphibious), 8 rings, (camouflage 1), (gelatinous body 1), (nimble swimmer 1),
(tentacles)
a: no special abilities


You were on level 4 of the Dungeon.
You were a tree.
You visited 1 branch of the dungeon, and saw 4 of its levels.

You collected 214 gold pieces.

Inventory:

Hand Weapons
 a - a +0 sling
Missiles
 f - 5 javelins (quivered)
Armour
 n - a +0 kite shield (worn)
Talismans
 b - a beast talisman
 c - a flux talisman
Scrolls
 e - 4 scrolls of identify {unknown}
 g - a scroll of vulnerability {unknown}
 h - a scroll of noise {unknown}
 j - a scroll of blinking {unknown}
 k - 2 scrolls of immolation {unknown}
 o - 2 scrolls of amnesia {unknown}
Potions
 i - a potion of curing {unknown}
 l - a potion of heal wounds {unknown}
 m - a potion of lignification
 p - a potion of haste {unknown}


   Skills:
 + Level 2.2 Fighting
 + Level 2.9 Dodging
 + Level 1.0 Shields
 + Level 3.6 Unarmed Combat
 * Level 4.1 Shapeshifting


You had 4 spell levels left.
You didn't know any spells.
Your spell library contained the following spells:

 Spells                   Type           Power      Damage    Failure   Level
 Sting                    Tmut/Pois      0%         1d3       71%         1
 Poisonous Vapours        Pois/Air       0%         N/A       85%         2
 Call Canine Familiar     Summ           0%         N/A       97%         3
 Sigil of Binding         Hex            0%         N/A       97%         3
 Dimensional Bullseye     Hex/Tloc       0%         N/A       100%        4
 Leda's Liquefaction      Hex/Erth       0%         N/A       100%        4
 Olgreb's Toxic Radiance  Pois           0%         N/A       100%        4


Dungeon Overview and Level Annotations

Branches:
Dungeon (4/15)
 Temple: D:4-7

Altars:
Kikubaaqudgha

Shops:
D:3 *


Innate Abilities, Weirdness & Mutations

You are a tree.
Your roots penetrate the ground, keeping you stationary.
You cannot be teleported.
You are immune to unholy pain and torment.
Your maximum health is greatly increased.
You cannot wear most types of armour.
((You are amphibious.))
You can wear up to eight rings at the same time.
((Your skin changes colour to match your surroundings (Stealth+).))
((Your rubbery body absorbs attacks. (AC +1, EV +1)))
((You are camouflaged when in or above water. (Stealth+)))
((You have tentacles for arms and can constrict up to eight enemies at once.))


Message History

The orc barely misses you. You block the orc's attack.
The orc hits you with a +0 hand axe.
You bludgeon the orc!
You kill the orc!
The kobold hits you with a +1 short sword of venom.
You are poisoned.
The orc hits you with a +0 war axe! The orc completely misses you.
You are too injured to fight recklessly!
You are too injured to fight recklessly!
You are too injured to fight recklessly!
You are too injured to fight recklessly!
You are too injured to fight recklessly!
You are too injured to fight recklessly!
You are too injured to fight recklessly!
You are too injured to fight recklessly!
You are too injured to fight recklessly!
You are too injured to fight recklessly!
You are too injured to fight recklessly!
Unknown command.
You feel sick.
Items here: )) [ ††.
You feel sick. The orc attacks as it pursues you!
The orc hits you with a +0 falchion.
* * * LOW HITPOINT WARNING * * *
The kobold hits you with a +1 short sword of venom.
* * * LOW HITPOINT WARNING * * *
Your transformation has ended.
You turn into a tree.
Your roots penetrate the ground.
You feel sick. The orc hits you with a +0 falchion.
* * * LOW HITPOINT WARNING * * *
You block the kobold's attack.
You smack the kobold!
You kill the kobold!
You feel sick. The orc hits you with a +0 falchion.
* * * LOW HITPOINT WARNING * * *
The orc hits you with a +0 war axe.
* * * LOW HITPOINT WARNING * * *
Unknown command.
It was a potion of magic.
Magic courses through your body.
You die...

#.......#
#######.# #.# #.#
#.# ##.##
##...####
########)).....#
.......♣o.?......
########o..###.##
#.#.# .# #.#.# #
#.#+# #.. #.. ..


You could see 2 orcs.

Vanquished Creatures
  An orc priest (D:3)
  An iguana (D:4)
  2 adders (D:3)
  A worm (D:4)
  2 dart slugs (D:3)
  7 orcs
  10 ball pythons
  4 endoplasms
  3 giant cockroaches
  8 goblins
  10 hobgoblins
  2 jackals (D:1)
  3 quokkas
  5 bats
  2 frilled lizards (D:1)
  6 kobolds
  4 rats
71 creatures vanquished.

Notes
Turn   | Place    | Note
-------+----------+-------------------------------------------
     0 | D:1      | LeprechaunX the Octopode Shapeshifter began the quest for
                  | the Orb.
     0 | D:1      | Reached XP level 1. HP: 13/13 MP: 1/1
   105 | D:1      | Reached XP level 2. HP: 13/18 MP: 2/2
   405 | D:1      | Reached XP level 3. HP: 18/23 MP: 3/3
  1403 | D:3      | Found an ancient bone altar of Kikubaaqudgha.
  1449 | D:3      | Reached XP level 4. HP: 29/29 MP: 4/4
  1724 | D:3      | Found Etayffe's General Store.
  2072 | D:3      | Reached skill level 4 in Shapeshifting
  2072 | D:3      | Reached XP level 5. HP: 34/34 MP: 5/5
  2243 | D:4      | Reached skill level 1 in Shields
  2375 | D:4      | HP: 1/51 [orc/+0 war axe (3)]
  2376 | D:4      | Succumbed to a kobold's poison

Illustrated notes

Levels and vault maps discovered:
D:1:      lightli_molten_gateway, layout_basic
D:2:      layout_basic
D:3:      layout_loops_corners, marbit_many_paths, serial_shops,
          nicolae_shop_crystal, chequers_serial_rivers_room_a
D:4:      layout_loops_corners, minmay_cupped, uniq_grinder, uniq_blork_the_orc

Skill      XL: |  1  2  3  4  5 |
---------------+----------------+-----
Fighting       | 2 |  2.2
Shapeshifting  | 4 |  4.1
Shields        | 1 |  1.0
Dodging        | |  2.9
Unarmed Combat | |  3.6

Action                     |  1- 3 |  4- 6 || total
---------------------------+-------+-------++-------
  Melee: Unarmed           |    85 |    45 ||   130
         Tentacles         |    13 |     9 ||    22
         Constrict         |    19 |     8 ||    27
  Throw: Javelin           |     2 |       ||     2
    Use: Potion            |       |     2 ||     2
   Stab: Sleeping          |     6 |     1 ||     7
 Armour: Skin              |    35 |    20 ||    55
  Dodge: Dodged            |    59 |    16 ||    75
  Block: Kite shield       |       |    15 ||    15

Table legend: (Time is in decaauts)
 A = Elapsed time spent in this place.
 B = Non-inter-level travel time spent in this place.
 C = Inter-level travel time spent in this place.
 D = Time resting spent in this place.
 E = Time spent auto-exploring this place.
 F = Levels seen in this place.
 G = Mean time per level.
                   A        B        C        D        E       F      G
               +--------+--------+--------+--------+--------+-----+--------+
         Total |   2377 |   2285 |     92 |      0 |   1919 |   4 |  594.2 |
       Dungeon |   2377 |   2285 |     92 |      0 |   1919 |   4 |  594.2 |
               +--------+--------+--------+--------+--------+-----+--------+

Top non-repeatable levels by time:
     D:3: 890 daAuts
     D:2: 691 daAuts
     D:1: 570 daAuts
     D:4: 225 daAuts
